Arizona Coyotes vs Hartford Whalers
Created - Thursday, May 1, 2025 at 08:41
Goals
|
| Arizona Coyotes |
0 |
2 |
1 |
0 |
0 |
3 |
| Hartford Whalers |
1 |
1 |
1 |
0 |
1 |
4 |
|
Shots
|
| Arizona Coyotes |
12 |
8 |
6 |
9 |
3 |
35 |
| Hartford Whalers |
19 |
9 |
9 |
1 |
3 |
38 |
|
1st period
1. Hartford Whalers , Nick Suzuki 20 (Michael Carcone 1) at 5:07
Penalties :
Radko Gudas (AZC) for Tripping (Minor) at 11:10
2nd period
2. Hartford Whalers , Pierre-Luc Dubois 18 (Ryan O'Reilly 40, Samuel Girard 8) at 3:03 (PP)
3. Arizona Coyotes , Mats Zuccarello 35 (Tyler Seguin 28, Charlie Coyle 47) at 8:25 (PP)
4. Arizona Coyotes , Mike Hoffman 9 (Radko Gudas 11) at 17:39
Penalties :
Mason McTavish (AZC) for Roughing (Minor) at 2:23, Tom Wilson (HFD) for Tripping (Minor) at 8:15, Devon Toews (HFD) for Fighting (Major) at 8:40, Charlie Coyle (AZC) for Fighting (Major) at 8:40
3rd period
5. Hartford Whalers , Anthony Cirelli 16 (Joshua Norris 18, Kaiden Guhle 12) at 13:14
6. Arizona Coyotes , Mats Zuccarello 36 (Tyler Seguin 29, Charlie Coyle 48) at 13:58
Penalties :
Pierre-Luc Dubois (HFD) for Tripping (Minor) at 8:15
Overtime #1
No Goal
Penalties :
No Penalty
Shootout
Arizona Coyotes, Charlie Coyle - Stopped by John Gibson
Hartford Whalers, Nick Suzuki - Shot Misses the Net
Arizona Coyotes, Mats Zuccarello - Shot Misses the Net
Hartford Whalers, Anthony Cirelli - Stopped by Jacob Markstrom
Arizona Coyotes, Mason McTavish - Stopped by John Gibson
Hartford Whalers, Pierre-Luc Dubois - Goal!
Penalties :
No Penalty
Goalie Stats
Jacob Markstrom (AZC), 35 saves from 38 shots - (0.921), OTL, 17-20-5, 65:00 minutes
John Gibson (HFD), 32 saves from 35 shots - (0.914), W, 23-24-5, 65:00 minutes
Players Stats for Arizona Coyotes
Player Name G A P +/- PIM S H SB GA TA FO MP PP MP PK MP
------------------------------------------------------------------------------------
Brayden McNabb 0 0 0 1 0 0 1 0 0 0 0/0 13:50 0:04 0:00
Charlie Coyle 0 2 2 0 5 1 1 1 0 0 11/32 21:55 1:05 2:03
Erik Haula 0 0 0 -1 0 4 1 0 0 0 3/7 16:02 0:00 0:00
Jani Hakanpaa 0 0 0 0 0 4 1 1 0 0 0/0 23:03 0:58 1:01
Jared Spurgeon 0 0 0 -1 0 0 0 6 0 1 0/0 28:16 1:11 1:38
Kiefer Sherwood 0 0 0 1 0 0 0 2 0 0 0/0 9:13 0:00 0:00
Mark Jankowski 0 0 0 1 0 1 1 0 1 0 0/0 9:13 0:00 0:00
Mason McTavish 0 0 0 0 2 3 1 0 1 0 1/9 18:28 1:04 0:33
Mats Zuccarello 2 0 2 0 0 6 1 1 0 0 0/0 20:39 1:05 0:36
Matt Dumba 0 0 0 -1 0 2 2 4 0 0 0/0 27:19 0:58 1:01
Mike Hoffman 1 0 1 1 0 1 0 1 0 0 0/0 9:13 0:00 0:00
Nick Seeler 0 0 0 1 0 0 0 0 0 0 0/0 14:50 0:00 1:07
Ondrej Palat 0 0 0 -1 0 8 1 0 0 0 0/0 14:25 0:00 0:03
Radko Gudas 0 1 1 0 2 0 3 4 0 1 0/0 22:43 1:07 0:31
Ross Colton 0 0 0 -1 0 1 2 0 2 1 0/1 15:03 0:00 0:00
Ryan Donato 0 0 0 0 0 1 2 0 0 0 0/1 16:07 1:04 0:00
Tyler Bertuzzi 0 0 0 0 0 0 3 0 0 0 0/0 15:50 1:04 0:00
Tyler Seguin 0 2 2 0 0 3 0 3 0 0 2/3 21:09 1:05 2:03
Players Stats for Hartford Whalers
Player Name G A P +/- PIM S H SB GA TA FO MP PP MP PK MP
------------------------------------------------------------------------------------
Anthony Cirelli 1 0 1 1 0 4 1 0 0 0 0/0 17:02 1:32 1:10
Charlie McAvoy 0 0 0 -1 0 1 2 1 0 2 0/0 24:35 1:11 1:17
Devon Toews 0 0 0 0 5 1 2 1 0 0 0/0 25:05 1:28 0:52
Jaden Schwartz 0 0 0 0 0 0 1 0 0 0 0/0 9:28 0:00 0:00
Josh Anderson 0 0 0 1 0 1 2 0 0 0 0/0 11:59 0:00 0:00
Joshua Norris 0 1 1 1 0 2 2 0 0 0 4/7 16:53 1:32 0:59
Kaapo Kakko 0 0 0 0 0 1 1 0 1 0 0/0 17:27 0:00 0:00
Kaiden Guhle 0 1 1 0 0 2 1 2 0 1 0/0 22:21 1:11 1:17
Michael Carcone 0 1 1 0 0 3 1 0 0 0 0/0 17:27 0:00 0:00
Miles Wood 0 0 0 0 0 0 2 0 0 0 0/0 10:27 0:00 0:59
Morgan Frost 0 0 0 0 0 0 0 0 0 0 1/1 9:28 0:00 0:00
Nick Suzuki 1 0 1 0 0 9 3 0 1 1 12/18 21:13 1:32 0:00
Pierre-Luc Dubois 1 0 1 -1 2 4 1 0 0 0 0/0 18:01 1:07 0:00
Ryan O'Reilly 0 1 1 -1 0 5 0 0 1 0 18/26 21:24 1:07 1:10
Ryan Suter 0 0 0 1 0 1 2 0 0 0 0/0 18:48 0:00 0:00
Samuel Girard 0 1 1 1 0 3 0 2 0 0 0/0 21:38 1:28 0:52
Seth Jones 0 0 0 -1 0 1 1 0 0 0 0/0 16:55 0:00 0:00
Tom Wilson 0 0 0 -1 2 0 2 0 0 0 1/1 17:37 1:07 0:00
3 Stars
1 - Mats Zuccarello (AZC)
2 - Nick Suzuki (HFD)
3 - Anthony Cirelli (HFD)
Power Play
Arizona Coyotes - 1 on 2 Attempt(s) - 50.00%
Hartford Whalers - 1 on 2 Attempt(s) - 50.00%
Penalty Kill
Arizona Coyotes - 1 on 2 Attempt(s) - 50.00%
- Score 0 goal in Penalty Kill
Hartford Whalers - 1 on 2 Attempt(s) - 50.00%
- Score 0 goal in Penalty Kill
Team Stat
Arizona Coyotes - Hits : 20 - Faceoff Wins : 17 - Blocked Shots : 23 - Penalty Minutes : 9
Hartford Whalers - Hits : 24 - Faceoff Wins : 36 - Blocked Shots : 6 - Penalty Minutes : 9
Official
Referees : Trevor Hanson and Kyle Rehman
Linesman : Mitchell Hunt and Ryan Gibbons
Game Notes
Charlie Coyle beats up Devon Toews at 8:40 of 2nd period
Tyler Seguin is injured at 0:14 of 1st overtime period (Sprained Right Finger)
Finance
Level 1 -- Attendance: 6360 (63.60%) -- Ticket Income $540,600
Level 2 -- Attendance: 4544 (90.88%) -- Ticket Income $249,920
Level 3 -- Attendance: 2614 (87.13%) -- Ticket Income $78,420
Level 4 -- Attendance: 4638 (92.76%) -- Ticket Income $92,760
Luxury Box -- Attendance: 988 (98.80%) -- Ticket Income $187,720
Game was played at the Hartford Civic Center.
Total Attendance: 19144 (79.77%)
Total Ticket Income: $1,149,420
Other Income: $402,297
Total Income: $1,551,717
Arizona Coyotes
5 vs 5 Forward
Center Left Wing Right Wing Time % Phy DF OF
1 Charlie Coyle Mats Zuccarello Tyler Seguin 42 0 1 4
2 Mason McTavish Ryan Donato Tyler Bertuzzi 31 0 1 4
3 Erik Haula Ross Colton Ondrej Palat 20 1 4 0
4 Mike Hoffman Mark Jankowski Kiefer Sherwood 7 1 4 0
5 vs 5 Defense
Defense Defense Time % Phy DF OF
1 Jared Spurgeon Matt Dumba 43 0 3 2
2 Jani Hakanpaa Radko Gudas 34 2 3 0
3 Brayden McNabb Nick Seeler 23 2 3 0
4 Jared Spurgeon Matt Dumba 0 1 2 2
PowerPlay Forward
Center Left Wing Right Wing Time % Phy DF OF
1 Charlie Coyle Mats Zuccarello Tyler Seguin 50 1 0 4
2 Mason McTavish Ryan Donato Tyler Bertuzzi 50 1 0 4
PowerPlay Defense
Defense Defense Time % Phy DF OF
1 Jared Spurgeon Radko Gudas 50 1 2 2
2 Jani Hakanpaa Matt Dumba 50 1 2 2
Penalty Kill 4 Players Forward
Center Wing Time % Phy DF OF
1 Charlie Coyle Tyler Seguin 60 1 4 0
2 Mats Zuccarello Mason McTavish 40 1 3 1
Penalty Kill 4 Players Defense
Defense Defense Time % Phy DF OF
1 Jared Spurgeon Radko Gudas 55 1 4 0
2 Jani Hakanpaa Matt Dumba 45 1 3 1
Penalty Kill - 3 Players Forward
Forward Time % Phy DF OF
1 Charlie Coyle 50 1 3 1
2 Tyler Seguin 50 1 3 1
Penalty Kill - 3 Players Defense
Defense Defense Time % Phy DF OF
1 Jared Spurgeon Radko Gudas 50 1 3 1
2 Jani Hakanpaa Matt Dumba 50 1 3 1
4 vs 4 Forward
Center Wing Time % Phy DF OF
1 Charlie Coyle Tyler Seguin 55 1 1 3
2 Mats Zuccarello Mason McTavish 45 1 1 3
4 vs 4 Defense
Defense Defense Time % Phy DF OF
1 Jared Spurgeon Matt Dumba 55 1 3 1
2 Jani Hakanpaa Radko Gudas 45 1 3 1
Last Minutes Offensive
Center Left Wing Right Wing Defense Defense
Charlie Coyle Mats Zuccarello Tyler Seguin Jared Spurgeon Radko Gudas
Last Minutes Defensive
Center Left Wing Right Wing Defense Defense
Charlie Coyle Mats Zuccarello Tyler Seguin Jared Spurgeon Radko Gudas
Goaltenders
Starting : Jacob Markstrom
Backup : Elvis Merzlikins
Extra Forwards
Normal : Erik Haula, Ross Colton, Ondrej Palat - PP : Erik Haula, Ross Colton - PK : Ondrej Palat
Extra Defensemen
Normal : Brayden McNabb, Nick Seeler, Jani Hakanpaa - PP : Brayden McNabb - PK : Nick Seeler, Jani Hakanpaa
Penalty Shots
Charlie Coyle, Tyler Seguin, Mats Zuccarello, Mason McTavish, Ryan Donato
Scratches
Anthony Deangelo (Healthy), Carter Hart (Healthy)
Hartford Whalers
5 vs 5 Forward
Center Left Wing Right Wing Time % Phy DF OF
1 Nick Suzuki Kaapo Kakko Michael Carcone 35 0 2 3
2 Ryan O'Reilly Pierre-Luc Dubois Tom Wilson 35 0 2 3
3 Joshua Norris Anthony Cirelli Josh Anderson 21 1 2 2
4 Morgan Frost Jaden Schwartz Miles Wood 9 1 2 2
5 vs 5 Defense
Defense Defense Time % Phy DF OF
1 Seth Jones Charlie McAvoy 30 1 2 2
2 Devon Toews Samuel Girard 30 1 2 2
3 Ryan Suter Kaiden Guhle 25 1 2 2
4 Devon Toews Charlie McAvoy 15 1 2 2
PowerPlay Forward
Center Left Wing Right Wing Time % Phy DF OF
1 Nick Suzuki Anthony Cirelli Joshua Norris 50 1 1 3
2 Ryan O'Reilly Pierre-Luc Dubois Tom Wilson 50 1 1 3
PowerPlay Defense
Defense Defense Time % Phy DF OF
1 Kaiden Guhle Charlie McAvoy 50 1 1 3
2 Devon Toews Samuel Girard 50 1 1 3
Penalty Kill 4 Players Forward
Center Wing Time % Phy DF OF
1 Ryan O'Reilly Anthony Cirelli 50 1 3 1
2 Joshua Norris Miles Wood 50 1 3 1
Penalty Kill 4 Players Defense
Defense Defense Time % Phy DF OF
1 Kaiden Guhle Charlie McAvoy 50 1 3 1
2 Devon Toews Samuel Girard 50 1 3 1
Penalty Kill - 3 Players Forward
Forward Time % Phy DF OF
1 Ryan O'Reilly 50 2 3 0
2 Joshua Norris 50 2 3 0
Penalty Kill - 3 Players Defense
Defense Defense Time % Phy DF OF
1 Samuel Girard Ryan Suter 50 2 3 0
2 Devon Toews Kaiden Guhle 50 2 3 0
4 vs 4 Forward
Center Wing Time % Phy DF OF
1 Ryan O'Reilly Joshua Norris 50 1 1 3
2 Nick Suzuki Anthony Cirelli 50 0 2 3
4 vs 4 Defense
Defense Defense Time % Phy DF OF
1 Ryan Suter Kaiden Guhle 50 1 2 2
2 Devon Toews Samuel Girard 50 1 2 2
Last Minutes Offensive
Center Left Wing Right Wing Defense Defense
Nick Suzuki Kaapo Kakko Michael Carcone Seth Jones Charlie McAvoy
Last Minutes Defensive
Center Left Wing Right Wing Defense Defense
Ryan O'Reilly Anthony Cirelli Tom Wilson Kaiden Guhle Charlie McAvoy
Goaltenders
Starting : John Gibson
Backup : Anton Forsberg
Extra Forwards
Normal : Nick Suzuki, Joshua Norris, Pierre-Luc Dubois - PP : Ryan O'Reilly, Joshua Norris - PK : Anthony Cirelli
Extra Defensemen
Normal : Kaiden Guhle, Samuel Girard, Devon Toews - PP : Ryan Suter - PK : Kaiden Guhle, Devon Toews
Penalty Shots
Nick Suzuki, Anthony Cirelli, Pierre-Luc Dubois, Ryan O'Reilly, Tom Wilson
Scratches
Spencer Knight (Healthy)
% Time on Ice - Arizona Coyotes
Lines # - Real PCT - Wanted PCT - Time Play
Normal Forward
1 - 33% - 42% - 18:11
2 - 27% - 31% - 14:48
3 - 24% - 20% - 13:00
4 - 17% - 7% - 9:13
Normal Defense
1 - 41% - 43% - 22:36
2 - 34% - 34% - 18:55
3 - 25% - 23% - 13:41
4 - 0% - 0% - 0:00
PP Forward
1 - 50% - 50% - 1:05
2 - 50% - 50% - 1:04
PP Defense
1 - 55% - 50% - 1:11
2 - 45% - 50% - 0:58
PK Forward
1 - 77% - 60% - 2:03
2 - 23% - 40% - 0:36
PK Defense
1 - 62% - 55% - 1:38
2 - 38% - 45% - 1:01
PK3 Forward
1 - 0% - 50%
2 - 0% - 50%
PK3 Defense
1 - 0% - 50%
2 - 0% - 50%
44 Forward
1 - 77% - 55% - 3:50
2 - 23% - 45% - 1:10
44 Defense
1 - 57% - 55% - 2:51
2 - 43% - 45% - 2:09
Last Minute Offensive - 0:00
Last Minute Defensive - 0:00
Total
Forward - 65:00
Defense - 65:00
|
% Time on Ice - Hartford Whalers
Lines # - Real PCT - Wanted PCT - Time Play
Normal Forward
1 - 32% - 35% - 17:38
2 - 30% - 35% - 16:31
3 - 21% - 21% - 11:35
4 - 17% - 9% - 9:28
Normal Defense
1 - 29% - 30% - 16:10
2 - 30% - 30% - 16:29
3 - 27% - 25% - 14:39
4 - 14% - 15% - 7:54
PP Forward
1 - 58% - 50% - 1:32
2 - 42% - 50% - 1:07
PP Defense
1 - 45% - 50% - 1:11
2 - 55% - 50% - 1:28
PK Forward
1 - 54% - 50% - 1:10
2 - 46% - 50% - 0:59
PK Defense
1 - 60% - 50% - 1:17
2 - 40% - 50% - 0:52
PK3 Forward
1 - 0% - 50%
2 - 0% - 50%
PK3 Defense
1 - 0% - 50%
2 - 0% - 50%
44 Forward
1 - 52% - 50% - 2:36
2 - 48% - 50% - 2:24
44 Defense
1 - 48% - 50% - 2:23
2 - 52% - 50% - 2:37
Last Minute Offensive - 0:00
Last Minute Defensive - 0:00
Total
Forward - 65:00
Defense - 65:00
|
Play-by-Play
1st period
0:01 of 1st period - Nick Suzuki wins face-off versus Charlie Coyle in neutral zone.
0:16 of 1st period - Wrist shot by Michael Carcone.
0:16 of 1st period - Deflect By Nick Suzuki.
0:16 of 1st period - Shot Blocked by Charlie Coyle.
0:16 of 1st period - Puck is out of play.
0:17 of 1st period - Ryan O'Reilly wins face-off versus Ryan Donato in Arizona Coyotes zone.
0:52 of 1st period - Wrist shot by Anthony Cirelli.
0:52 of 1st period - Stopped by Jacob Markstrom with a rebound.
1:11 of 1st period - Wrist shot by Mats Zuccarello.
1:11 of 1st period - Stopped by John Gibson with a rebound.
1:13 of 1st period - Snap shot by Nick Seeler.
1:13 of 1st period - Shot Blocked by Devon Toews.
1:23 of 1st period - Jared Spurgeon is hit by Kaapo Kakko and loses puck.
1:44 of 1st period - Ryan O'Reilly is hit by Tyler Bertuzzi and loses puck.
1:55 of 1st period - Snap shot by Pierre-Luc Dubois.
1:55 of 1st period - Stopped by Jacob Markstrom with a rebound.
2:13 of 1st period - Backhand shot by Ondrej Palat.
2:13 of 1st period - Stopped by John Gibson with a rebound.
2:15 of 1st period - Slapshot by Erik Haula.
2:15 of 1st period - Shot Misses the Net.
2:46 of 1st period - Wrist shot by Nick Suzuki.
2:46 of 1st period - Shot Blocked by Radko Gudas.
2:48 of 1st period - Snap shot by Nick Suzuki.
2:48 of 1st period - Stopped by Jacob Markstrom with a rebound.
2:50 of 1st period - Wrist shot by Seth Jones.
2:50 of 1st period - Stopped by Jacob Markstrom with a rebound.
2:52 of 1st period - Slapshot by Kaapo Kakko.
2:52 of 1st period - Shot Blocked by Radko Gudas.
2:54 of 1st period - Slapshot by Charlie McAvoy.
2:54 of 1st period - Shot Blocked by Jani Hakanpaa.
3:06 of 1st period - Backhand shot by Mike Hoffman.
3:06 of 1st period - Shot Blocked by Kaiden Guhle.
3:08 of 1st period - Wrist shot by Jani Hakanpaa.
3:08 of 1st period - Stopped by John Gibson with a rebound.
3:10 of 1st period - Slapshot by Jani Hakanpaa.
3:10 of 1st period - Shot Blocked by Kaiden Guhle.
3:12 of 1st period - Slapshot by Jani Hakanpaa.
3:12 of 1st period - Stopped by John Gibson with a rebound.
3:14 of 1st period - Wrist shot by Mark Jankowski.
3:14 of 1st period - Stopped by John Gibson with a rebound.
4:05 of 1st period - Jared Spurgeon is hit by Kaiden Guhle and loses puck.
4:50 of 1st period - Jared Spurgeon is hit by Josh Anderson and loses puck.
5:07 of 1st period - Wrist shot by Nick Suzuki.
5:07 of 1st period - Goal by Nick Suzuki - Arizona Coyotes : 0 - Hartford Whalers : 1.
5:08 of 1st period - Ryan O'Reilly wins face-off versus Charlie Coyle in neutral zone.
5:19 of 1st period - Snap shot by Ryan O'Reilly.
5:19 of 1st period - Stopped by Jacob Markstrom with a rebound.
5:21 of 1st period - Wrist shot by Charlie McAvoy.
5:21 of 1st period - Shot Blocked by Radko Gudas.
5:59 of 1st period - Snap shot by Erik Haula.
5:59 of 1st period - Stopped by John Gibson without a rebound.
6:00 of 1st period - Erik Haula wins face-off versus Joshua Norris in Hartford Whalers zone.
6:09 of 1st period - Snap shot by Ondrej Palat.
6:09 of 1st period - Stopped by John Gibson without a rebound.
6:10 of 1st period - Charlie Coyle wins face-off versus Nick Suzuki in Hartford Whalers zone.
6:21 of 1st period - Snap shot by Tyler Seguin.
6:21 of 1st period - Shot Misses the Net.
6:39 of 1st period - Slapshot by Ryan Donato.
6:39 of 1st period - Shot Misses the Net.
6:45 of 1st period - Wrist shot by Pierre-Luc Dubois.
6:45 of 1st period - Stopped by Jacob Markstrom with a rebound.
6:57 of 1st period - Wrist shot by Anthony Cirelli.
6:57 of 1st period - Shot Blocked by Matt Dumba.
9:11 of 1st period - Wrist shot by Mason McTavish.
9:11 of 1st period - Stopped by John Gibson without a rebound.
9:12 of 1st period - Charlie Coyle wins face-off versus Ryan O'Reilly in Hartford Whalers zone.
9:13 of 1st period - Snap shot by Mats Zuccarello.
9:13 of 1st period - Shot Misses the Net.
9:19 of 1st period - Devon Toews is hit by Mats Zuccarello.
9:27 of 1st period - Snap shot by Ryan O'Reilly.
9:27 of 1st period - Shot Blocked by Tyler Seguin.
9:29 of 1st period - Wrist shot by Ryan O'Reilly.
9:29 of 1st period - Shot Misses the Net.
9:48 of 1st period - Snap shot by Nick Suzuki.
9:48 of 1st period - Stopped by Jacob Markstrom with a rebound.
9:58 of 1st period - Slapshot by Anthony Cirelli.
9:58 of 1st period - Shot Blocked by Jared Spurgeon.
10:00 of 1st period - Snap shot by Josh Anderson.
10:00 of 1st period - Stopped by Jacob Markstrom with a rebound.
10:02 of 1st period - Wrist shot by Anthony Cirelli.
10:02 of 1st period - Stopped by Jacob Markstrom with a rebound.
10:04 of 1st period - Wrist shot by Charlie McAvoy.
10:04 of 1st period - Stopped by Jacob Markstrom with a rebound.
10:06 of 1st period - Slapshot by Charlie McAvoy.
10:06 of 1st period - Shot Blocked by Jared Spurgeon.
10:08 of 1st period - Slapshot by Charlie McAvoy.
10:08 of 1st period - Shot Misses the Net.
10:41 of 1st period - Tom Wilson is hit by Radko Gudas and loses puck.
11:00 of 1st period - Samuel Girard is hit by Ryan Donato and loses puck.
11:10 of 1st period - Minor Penalty to Radko Gudas for Tripping.
11:11 of 1st period - Nick Suzuki wins face-off versus Charlie Coyle in Arizona Coyotes zone.
11:28 of 1st period - Slapshot by Nick Suzuki.
11:28 of 1st period - Stopped by Jacob Markstrom without a rebound.
11:29 of 1st period - Ryan O'Reilly wins face-off versus Charlie Coyle in Arizona Coyotes zone.
11:40 of 1st period - Slapshot by Ryan O'Reilly.
11:40 of 1st period - Shot Misses the Net.
11:42 of 1st period - Snap shot by Kaiden Guhle.
11:42 of 1st period - Shot Misses the Net.
11:44 of 1st period - Slapshot by Kaiden Guhle.
11:44 of 1st period - Deflect By Tyler Seguin.
11:44 of 1st period - Stopped by Jacob Markstrom without a rebound.
11:45 of 1st period - Tyler Seguin wins face-off versus Nick Suzuki in Arizona Coyotes zone.
12:02 of 1st period - Wrist shot by Joshua Norris.
12:02 of 1st period - Stopped by Jacob Markstrom with a rebound.
12:43 of 1st period - Mason McTavish is hit by Tom Wilson and loses puck.
13:10 of 1st period - Penalty to Radko Gudas is over, Radko Gudas is back on ice.
13:27 of 1st period - Slapshot by Erik Haula.
13:27 of 1st period - Stopped by John Gibson without a rebound.
13:28 of 1st period - Nick Suzuki wins face-off versus Mason McTavish in Hartford Whalers zone.
13:39 of 1st period - Snap shot by Kaapo Kakko.
13:39 of 1st period - Shot Misses the Net.
13:45 of 1st period - Michael Carcone is hit by Ryan Donato and loses puck.
14:06 of 1st period - Snap shot by Nick Suzuki.
14:06 of 1st period - Shot Misses the Net.
14:36 of 1st period - Wrist shot by Nick Suzuki.
14:36 of 1st period - Shot Blocked by Jared Spurgeon.
14:38 of 1st period - Snap shot by Michael Carcone.
14:38 of 1st period - Stopped by Jacob Markstrom with a rebound.
14:54 of 1st period - Snap shot by Kaapo Kakko.
14:54 of 1st period - Shot Misses the Net.
14:56 of 1st period - Slapshot by Samuel Girard.
14:56 of 1st period - Shot Blocked by Jared Spurgeon.
14:58 of 1st period - Snap shot by Devon Toews.
14:58 of 1st period - Shot Blocked by Mike Hoffman.
16:02 of 1st period - Wrist shot by Nick Suzuki.
16:02 of 1st period - Shot Misses the Net.
16:06 of 1st period - Wrist shot by Nick Suzuki.
16:06 of 1st period - Shot Blocked by Matt Dumba.
16:08 of 1st period - Backhand shot by Devon Toews.
16:08 of 1st period - Stopped by Jacob Markstrom with a rebound.
16:10 of 1st period - Snap shot by Michael Carcone.
16:10 of 1st period - Deflect By Nick Suzuki.
16:10 of 1st period - Stopped by Jacob Markstrom with a rebound.
16:12 of 1st period - Wrist shot by Nick Suzuki.
16:12 of 1st period - Shot Blocked by Kiefer Sherwood.
16:14 of 1st period - Slapshot by Nick Suzuki.
16:14 of 1st period - Stopped by Jacob Markstrom with a rebound.
16:20 of 1st period - Wrist shot by Michael Carcone.
16:20 of 1st period - Shot Misses the Net.
16:22 of 1st period - Wrist shot by Michael Carcone.
16:22 of 1st period - Shot Misses the Net.
16:24 of 1st period - Slapshot by Samuel Girard.
16:24 of 1st period - Shot Blocked by Jared Spurgeon.
16:26 of 1st period - Wrist shot by Michael Carcone.
16:26 of 1st period - Stopped by Jacob Markstrom without a rebound.
16:27 of 1st period - Charlie Coyle wins face-off versus Ryan O'Reilly in Arizona Coyotes zone.
16:58 of 1st period - Josh Anderson is hit by Mason McTavish.
17:14 of 1st period - Snap shot by Ondrej Palat.
17:14 of 1st period - Stopped by John Gibson without a rebound.
17:15 of 1st period - Morgan Frost wins face-off versus Erik Haula in Hartford Whalers zone.
17:15 of 1st period - Morgan Frost is hit by Ross Colton.
17:57 of 1st period - Wrist shot by Ondrej Palat.
17:57 of 1st period - Stopped by John Gibson without a rebound.
17:58 of 1st period - Ryan O'Reilly wins face-off versus Charlie Coyle in Hartford Whalers zone.
18:10 of 1st period - Wrist shot by Mats Zuccarello.
18:10 of 1st period - Stopped by John Gibson with a rebound.
18:39 of 1st period - Anthony Cirelli is hit by Brayden McNabb and loses puck.
19:56 of 1st period - Icing by Mats Zuccarello.
19:57 of 1st period - Ryan O'Reilly wins face-off versus Erik Haula in Arizona Coyotes zone.
Goals for this period are 0 for Arizona Coyotes vs 1 for Hartford Whalers.
Shots for this period are 12 for Arizona Coyotes vs 19 for Hartford Whalers.
2nd period
0:01 of 2nd period - Ryan O'Reilly wins face-off versus Charlie Coyle in neutral zone.
1:17 of 2nd period - Slapshot by Ryan Suter.
1:17 of 2nd period - Shot Misses the Net.
1:33 of 2nd period - Snap shot by Mason McTavish.
1:33 of 2nd period - Stopped by John Gibson without a rebound.
1:34 of 2nd period - Ryan O'Reilly wins face-off versus Mason McTavish in Hartford Whalers zone.
1:56 of 2nd period - Wrist shot by Ryan Donato.
1:56 of 2nd period - Shot Hit the Post.
2:12 of 2nd period - Snap shot by Ryan O'Reilly.
2:12 of 2nd period - Shot Misses the Net.
2:14 of 2nd period - Snap shot by Pierre-Luc Dubois.
2:14 of 2nd period - Shot Misses the Net.
2:16 of 2nd period - Snap shot by Tom Wilson.
2:16 of 2nd period - Shot Misses the Net.
2:23 of 2nd period - Minor Penalty to Mason McTavish for Roughing.
2:24 of 2nd period - Nick Suzuki wins face-off versus Charlie Coyle in Arizona Coyotes zone.
2:24 of 2nd period - Wrist shot by Anthony Cirelli.
2:24 of 2nd period - Shot Blocked by Tyler Seguin.
2:26 of 2nd period - Slapshot by Joshua Norris.
2:26 of 2nd period - Stopped by Jacob Markstrom with a rebound.
2:28 of 2nd period - Slapshot by Samuel Girard.
2:28 of 2nd period - Deflect By Tyler Seguin.
2:28 of 2nd period - Stopped by Jacob Markstrom without a rebound.
2:29 of 2nd period - Nick Suzuki wins face-off versus Charlie Coyle in Arizona Coyotes zone.
2:30 of 2nd period - Slapshot by Joshua Norris.
2:30 of 2nd period - Shot Misses the Net.
2:32 of 2nd period - Snap shot by Joshua Norris.
2:32 of 2nd period - Shot Blocked by Jared Spurgeon.
3:03 of 2nd period - Snap shot by Pierre-Luc Dubois.
3:03 of 2nd period - Goal by Pierre-Luc Dubois - Arizona Coyotes : 0 - Hartford Whalers : 2.
3:04 of 2nd period - Charlie Coyle wins face-off versus Ryan O'Reilly in neutral zone.
4:19 of 2nd period - Snap shot by Ondrej Palat.
4:19 of 2nd period - Stopped by John Gibson without a rebound.
4:20 of 2nd period - Ryan O'Reilly wins face-off versus Erik Haula in Hartford Whalers zone.
4:29 of 2nd period - Nick Seeler is hit by Pierre-Luc Dubois and loses puck.
4:51 of 2nd period - Snap shot by Ondrej Palat.
4:51 of 2nd period - Shot Blocked by Samuel Girard.
4:53 of 2nd period - Slapshot by Nick Seeler.
4:53 of 2nd period - Deflect By Ondrej Palat.
4:53 of 2nd period - Shot Misses the Net.
4:53 of 2nd period - Puck is out of play.
4:54 of 2nd period - Nick Suzuki wins face-off versus Charlie Coyle in Hartford Whalers zone.
5:24 of 2nd period - Off-side.
5:25 of 2nd period - Mason McTavish wins face-off versus Joshua Norris in neutral zone.
5:30 of 2nd period - Snap shot by Ryan Donato.
5:30 of 2nd period - Stopped by John Gibson without a rebound.
5:31 of 2nd period - Ryan O'Reilly wins face-off versus Mason McTavish in Hartford Whalers zone.
5:38 of 2nd period - Snap shot by Ryan O'Reilly.
5:38 of 2nd period - Stopped by Jacob Markstrom with a rebound.
6:04 of 2nd period - Wrist shot by Nick Suzuki.
6:04 of 2nd period - Shot Misses the Net.
7:33 of 2nd period - Icing by Mats Zuccarello.
7:34 of 2nd period - Joshua Norris wins face-off versus Erik Haula in Arizona Coyotes zone.
7:35 of 2nd period - Wrist shot by Anthony Cirelli.
7:35 of 2nd period - Stopped by Jacob Markstrom with a rebound.
8:15 of 2nd period - Minor Penalty to Tom Wilson for Tripping.
8:16 of 2nd period - Charlie Coyle wins face-off versus Ryan O'Reilly in Hartford Whalers zone.
8:25 of 2nd period - Wrist shot by Mats Zuccarello.
8:25 of 2nd period - Goal by Mats Zuccarello - Arizona Coyotes : 1 - Hartford Whalers : 2.
8:26 of 2nd period - Nick Suzuki wins face-off versus Charlie Coyle in neutral zone.
8:40 of 2nd period - Charlie Coyle beats up Devon Toews.
8:40 of 2nd period - Penalty to Devon Toews for Fighting.
8:40 of 2nd period - Penalty to Charlie Coyle for Fighting.
8:41 of 2nd period - Erik Haula wins face-off versus Ryan O'Reilly in Hartford Whalers zone.
8:50 of 2nd period - Slapshot by Erik Haula.
8:50 of 2nd period - Stopped by John Gibson with a rebound.
9:08 of 2nd period - Kiefer Sherwood is hit by Nick Suzuki and loses puck.
9:36 of 2nd period - Mason McTavish is hit by Joshua Norris.
11:12 of 2nd period - Snap shot by Ryan O'Reilly.
11:12 of 2nd period - Stopped by Jacob Markstrom with a rebound.
11:50 of 2nd period - Slapshot by Kaapo Kakko.
11:50 of 2nd period - Stopped by Jacob Markstrom with a rebound.
12:06 of 2nd period - Wrist shot by Pierre-Luc Dubois.
12:06 of 2nd period - Stopped by Jacob Markstrom with a rebound.
12:10 of 2nd period - Wrist shot by Pierre-Luc Dubois.
12:10 of 2nd period - Shot Misses the Net.
12:12 of 2nd period - Slapshot by Seth Jones.
12:12 of 2nd period - Shot Blocked by Matt Dumba.
12:27 of 2nd period - Erik Haula is hit by Seth Jones and loses puck.
13:32 of 2nd period - Jani Hakanpaa is hit by Miles Wood.
14:19 of 2nd period - Mark Jankowski is hit by Tom Wilson and loses puck.
14:24 of 2nd period - Wrist shot by Pierre-Luc Dubois.
14:24 of 2nd period - Shot Blocked by Kiefer Sherwood.
14:26 of 2nd period - Slapshot by Anthony Cirelli.
14:26 of 2nd period - Shot Misses the Net.
14:36 of 2nd period - Charlie Coyle is hit by Devon Toews and loses puck.
14:54 of 2nd period - Erik Haula is hit by Nick Suzuki and loses puck.
15:21 of 2nd period - Tyler Bertuzzi is hit by Josh Anderson and loses puck.
15:47 of 2nd period - Mark Jankowski is hit by Jaden Schwartz and loses puck.
15:58 of 2nd period - Wrist shot by Morgan Frost.
15:58 of 2nd period - Shot Misses the Net.
16:43 of 2nd period - Radko Gudas is hit by Anthony Cirelli and loses puck.
17:34 of 2nd period - Ryan Suter is hit by Radko Gudas and loses puck.
17:39 of 2nd period - Snap shot by Mike Hoffman.
17:39 of 2nd period - Goal by Mike Hoffman - Arizona Coyotes : 2 - Hartford Whalers : 2.
17:40 of 2nd period - Charlie Coyle wins face-off versus Nick Suzuki in neutral zone.
17:51 of 2nd period - Slapshot by Nick Suzuki.
17:51 of 2nd period - Shot Blocked by Tyler Seguin.
17:53 of 2nd period - Snap shot by Michael Carcone.
17:53 of 2nd period - Stopped by Jacob Markstrom with a rebound.
17:55 of 2nd period - Snap shot by Kaapo Kakko.
17:55 of 2nd period - Shot Misses the Net.
18:16 of 2nd period - Snap shot by Tyler Seguin.
18:16 of 2nd period - Shot Misses the Net.
18:18 of 2nd period - Slapshot by Jared Spurgeon.
18:18 of 2nd period - Shot Misses the Net.
18:28 of 2nd period - Wrist shot by Charlie Coyle.
18:28 of 2nd period - Shot Blocked by Charlie McAvoy.
18:30 of 2nd period - Wrist shot by Tyler Seguin.
18:30 of 2nd period - Stopped by John Gibson with a rebound.
18:32 of 2nd period - Snap shot by Tyler Seguin.
18:32 of 2nd period - Stopped by John Gibson without a rebound.
18:33 of 2nd period - Ryan O'Reilly wins face-off versus Mason McTavish in Hartford Whalers zone.
19:00 of 2nd period - Kaapo Kakko is hit by Ondrej Palat and loses puck.
Goals for this period are 2 for Arizona Coyotes vs 1 for Hartford Whalers.
Shots for this period are 8 for Arizona Coyotes vs 9 for Hartford Whalers.
3rd period
0:01 of 3rd period - Nick Suzuki wins face-off versus Charlie Coyle in neutral zone.
0:06 of 3rd period - Snap shot by Nick Suzuki.
0:06 of 3rd period - Shot Misses the Net.
0:26 of 3rd period - Michael Carcone is hit by Radko Gudas and loses puck.
0:41 of 3rd period - Wrist shot by Kaapo Kakko.
0:41 of 3rd period - Shot Misses the Net.
0:43 of 3rd period - Slapshot by Ryan Suter.
0:43 of 3rd period - Stopped by Jacob Markstrom without a rebound.
0:44 of 3rd period - Tom Wilson wins face-off versus Charlie Coyle in Arizona Coyotes zone.
1:05 of 3rd period - Kaiden Guhle is hit by Matt Dumba and loses puck.
1:20 of 3rd period - Wrist shot by Tyler Bertuzzi.
1:20 of 3rd period - Shot Misses the Net.
2:18 of 3rd period - Wrist shot by Ondrej Palat.
2:18 of 3rd period - Stopped by John Gibson without a rebound.
2:19 of 3rd period - Ryan O'Reilly wins face-off versus Charlie Coyle in Hartford Whalers zone.
3:13 of 3rd period - Slapshot by Michael Carcone.
3:13 of 3rd period - Deflect By Nick Suzuki.
3:13 of 3rd period - Stopped by Jacob Markstrom without a rebound.
3:14 of 3rd period - Nick Suzuki wins face-off versus Charlie Coyle in Arizona Coyotes zone.
3:23 of 3rd period - Snap shot by Nick Suzuki.
3:23 of 3rd period - Stopped by Jacob Markstrom with a rebound.
3:41 of 3rd period - Devon Toews is hit by Tyler Bertuzzi and loses puck.
4:20 of 3rd period - Jani Hakanpaa is hit by Charlie McAvoy and loses puck.
4:31 of 3rd period - Slapshot by Radko Gudas.
4:31 of 3rd period - Shot Misses the Net.
5:09 of 3rd period - Wrist shot by Ondrej Palat.
5:09 of 3rd period - Stopped by John Gibson without a rebound.
5:10 of 3rd period - Ryan O'Reilly wins face-off versus Charlie Coyle in Hartford Whalers zone.
5:44 of 3rd period - Wrist shot by Michael Carcone.
5:44 of 3rd period - Shot Misses the Net.
5:46 of 3rd period - Slapshot by Kaiden Guhle.
5:46 of 3rd period - Stopped by Jacob Markstrom without a rebound.
5:47 of 3rd period - Ryan O'Reilly wins face-off versus Tyler Seguin in Arizona Coyotes zone.
5:56 of 3rd period - Devon Toews is hit by Charlie Coyle and loses puck.
7:32 of 3rd period - Wrist shot by Morgan Frost.
7:32 of 3rd period - Shot Misses the Net.
7:51 of 3rd period - Samuel Girard is hit by Jani Hakanpaa and loses puck.
8:15 of 3rd period - Minor Penalty to Pierre-Luc Dubois for Tripping.
8:16 of 3rd period - Joshua Norris wins face-off versus Mason McTavish in Hartford Whalers zone.
10:15 of 3rd period - Penalty to Pierre-Luc Dubois is over, Pierre-Luc Dubois is back on ice.
10:41 of 3rd period - Devon Toews is hit by Mark Jankowski and loses puck.
11:59 of 3rd period - Charlie McAvoy is hit by Tyler Bertuzzi and loses puck.
12:20 of 3rd period - Ondrej Palat is hit by Miles Wood and loses puck.
12:37 of 3rd period - Mason McTavish is hit by Nick Suzuki and loses puck.
13:12 of 3rd period - Slapshot by Joshua Norris.
13:12 of 3rd period - Shot Blocked by Mats Zuccarello.
13:14 of 3rd period - Slapshot by Anthony Cirelli.
13:14 of 3rd period - Goal by Anthony Cirelli - Arizona Coyotes : 2 - Hartford Whalers : 3.
13:15 of 3rd period - Ryan O'Reilly wins face-off versus Charlie Coyle in neutral zone.
13:29 of 3rd period - Wrist shot by Charlie Coyle.
13:29 of 3rd period - Shot Misses the Net.
13:31 of 3rd period - Wrist shot by Tyler Seguin.
13:31 of 3rd period - Shot Misses the Net.
13:48 of 3rd period - Wrist shot by Samuel Girard.
13:48 of 3rd period - Stopped by Jacob Markstrom without a rebound.
13:49 of 3rd period - Charlie Coyle wins face-off versus Nick Suzuki in Arizona Coyotes zone.
13:58 of 3rd period - Wrist shot by Mats Zuccarello.
13:58 of 3rd period - Goal by Mats Zuccarello - Arizona Coyotes : 3 - Hartford Whalers : 3.
13:59 of 3rd period - Charlie Coyle wins face-off versus Ryan O'Reilly in neutral zone.
14:08 of 3rd period - Wrist shot by Charlie Coyle.
14:08 of 3rd period - Stopped by John Gibson with a rebound.
14:33 of 3rd period - Wrist shot by Nick Suzuki.
14:33 of 3rd period - Stopped by Jacob Markstrom with a rebound.
14:35 of 3rd period - Slapshot by Devon Toews.
14:35 of 3rd period - Deflect By Michael Carcone.
14:35 of 3rd period - Shot Blocked by Matt Dumba.
14:35 of 3rd period - Puck is out of play.
14:36 of 3rd period - Nick Suzuki wins face-off versus Charlie Coyle in Arizona Coyotes zone.
14:41 of 3rd period - Wrist shot by Kaapo Kakko.
14:41 of 3rd period - Shot Misses the Net.
14:49 of 3rd period - Wrist shot by Tyler Seguin.
14:49 of 3rd period - Stopped by John Gibson without a rebound.
14:50 of 3rd period - Ryan O'Reilly wins face-off versus Mason McTavish in Hartford Whalers zone.
14:57 of 3rd period - Wrist shot by Pierre-Luc Dubois.
14:57 of 3rd period - Deflect By Ryan O'Reilly.
14:57 of 3rd period - Stopped by Jacob Markstrom without a rebound.
14:58 of 3rd period - Ryan O'Reilly wins face-off versus Mason McTavish in Arizona Coyotes zone.
15:13 of 3rd period - Wrist shot by Mason McTavish.
15:13 of 3rd period - Deflect By Ryan O'Reilly.
15:13 of 3rd period - Shot Hit the Post.
15:13 of 3rd period - Puck is out of play.
15:14 of 3rd period - Charlie Coyle wins face-off versus Joshua Norris in Hartford Whalers zone.
15:29 of 3rd period - Slapshot by Jared Spurgeon.
15:29 of 3rd period - Shot Hit the Post.
15:39 of 3rd period - Tyler Bertuzzi is hit by Charlie McAvoy and loses puck.
16:12 of 3rd period - Seth Jones is hit by Erik Haula and loses puck.
16:37 of 3rd period - Wrist shot by Mats Zuccarello.
16:37 of 3rd period - Stopped by John Gibson with a rebound.
16:55 of 3rd period - Off-side.
16:56 of 3rd period - Joshua Norris wins face-off versus Mason McTavish in neutral zone.
17:51 of 3rd period - Slapshot by Ryan O'Reilly.
17:51 of 3rd period - Stopped by Jacob Markstrom without a rebound.
17:52 of 3rd period - Joshua Norris wins face-off versus Charlie Coyle in Arizona Coyotes zone.
17:57 of 3rd period - Slapshot by Joshua Norris.
17:57 of 3rd period - Shot Misses the Net.
18:18 of 3rd period - Tyler Bertuzzi is hit by Michael Carcone and loses puck.
Goals for this period are 1 for Arizona Coyotes vs 1 for Hartford Whalers.
Shots for this period are 6 for Arizona Coyotes vs 9 for Hartford Whalers.
Overtime #1
0:01 of 1st overtime period - Tyler Seguin wins face-off versus Ryan O'Reilly in neutral zone.
0:13 of 1st overtime period - Tyler Seguin is hit by Ryan Suter and loses puck.
0:14 of 1st overtime period - Tyler Seguin from Arizona Coyotes is injured at 0:14 of 1st overtime period (Sprained Right Finger).
0:15 of 1st overtime period - Charlie Coyle wins face-off versus Nick Suzuki in Arizona Coyotes zone.
0:20 of 1st overtime period - Slapshot by Jared Spurgeon.
0:20 of 1st overtime period - Shot Misses the Net.
0:22 of 1st overtime period - Snap shot by Charlie Coyle.
0:22 of 1st overtime period - Shot Misses the Net.
0:24 of 1st overtime period - Wrist shot by Erik Haula.
0:24 of 1st overtime period - Stopped by John Gibson with a rebound.
0:26 of 1st overtime period - Slapshot by Matt Dumba.
0:26 of 1st overtime period - Stopped by John Gibson with a rebound.
0:28 of 1st overtime period - Slapshot by Matt Dumba.
0:28 of 1st overtime period - Stopped by John Gibson without a rebound.
0:29 of 1st overtime period - Charlie Coyle wins face-off versus Ryan O'Reilly in Hartford Whalers zone.
0:38 of 1st overtime period - Snap shot by Erik Haula.
0:38 of 1st overtime period - Shot Misses the Net.
0:54 of 1st overtime period - Ross Colton is hit by Devon Toews and loses puck.
1:01 of 1st overtime period - Devon Toews is hit by Ross Colton and loses puck.
1:29 of 1st overtime period - Slapshot by Mason McTavish.
1:29 of 1st overtime period - Stopped by John Gibson with a rebound.
1:31 of 1st overtime period - Slapshot by Jani Hakanpaa.
1:31 of 1st overtime period - Deflect By Kaiden Guhle.
1:31 of 1st overtime period - Stopped by John Gibson with a rebound.
1:33 of 1st overtime period - Backhand shot by Mats Zuccarello.
1:33 of 1st overtime period - Stopped by John Gibson without a rebound.
1:34 of 1st overtime period - Nick Suzuki wins face-off versus Charlie Coyle in Hartford Whalers zone.
2:11 of 1st overtime period - Off-side.
2:12 of 1st overtime period - Ryan O'Reilly wins face-off versus Charlie Coyle in neutral zone.
2:33 of 1st overtime period - Erik Haula is hit by Ryan Suter and loses puck.
2:42 of 1st overtime period - Snap shot by Anthony Cirelli.
2:42 of 1st overtime period - Shot Blocked by Radko Gudas.
2:54 of 1st overtime period - Snap shot by Ondrej Palat.
2:54 of 1st overtime period - Stopped by John Gibson with a rebound.
2:56 of 1st overtime period - Slapshot by Jani Hakanpaa.
2:56 of 1st overtime period - Stopped by John Gibson without a rebound.
2:57 of 1st overtime period - Ryan O'Reilly wins face-off versus Ross Colton in Hartford Whalers zone.
3:18 of 1st overtime period - Matt Dumba is hit by Joshua Norris and loses puck.
3:23 of 1st overtime period - Wrist shot by Joshua Norris.
3:23 of 1st overtime period - Shot Misses the Net.
3:37 of 1st overtime period - Snap shot by Ondrej Palat.
3:37 of 1st overtime period - Shot Blocked by Samuel Girard.
3:39 of 1st overtime period - Snap shot by Ross Colton.
3:39 of 1st overtime period - Stopped by John Gibson without a rebound.
3:40 of 1st overtime period - Nick Suzuki wins face-off versus Charlie Coyle in Hartford Whalers zone.
4:24 of 1st overtime period - Samuel Girard is hit by Matt Dumba and loses puck.
4:57 of 1st overtime period - Snap shot by Samuel Girard.
4:57 of 1st overtime period - Stopped by Jacob Markstrom without a rebound.
4:58 of 1st overtime period - Erik Haula wins face-off versus Nick Suzuki in Arizona Coyotes zone.
Goals for this period are 0 for Arizona Coyotes vs 0 for Hartford Whalers.
Shots for this period are 9 for Arizona Coyotes vs 1 for Hartford Whalers.
ShootOut
5:00 of 1st overtime period - Round #1.
5:00 of 1st overtime period - Arizona Coyotes, Charlie Coyle.
5:00 of 1st overtime period - Wrist shot by Charlie Coyle.
5:00 of 1st overtime period - Stopped by John Gibson.
5:00 of 1st overtime period - Hartford Whalers, Nick Suzuki.
5:00 of 1st overtime period - Snap shot by Nick Suzuki.
5:00 of 1st overtime period - Shot Misses the Net.
5:00 of 1st overtime period - Round #2.
5:00 of 1st overtime period - Arizona Coyotes, Mats Zuccarello.
5:00 of 1st overtime period - Deke by Mats Zuccarello.
5:00 of 1st overtime period - Shot Misses the Net.
5:00 of 1st overtime period - Hartford Whalers, Anthony Cirelli.
5:00 of 1st overtime period - Wrist shot by Anthony Cirelli.
5:00 of 1st overtime period - Stopped by Jacob Markstrom.
5:00 of 1st overtime period - Round #3.
5:00 of 1st overtime period - Arizona Coyotes, Mason McTavish.
5:00 of 1st overtime period - Deke by Mason McTavish.
5:00 of 1st overtime period - Stopped by John Gibson.
5:00 of 1st overtime period - Hartford Whalers, Pierre-Luc Dubois.
5:00 of 1st overtime period - Snap shot by Pierre-Luc Dubois.
5:00 of 1st overtime period - Goal by Pierre-Luc Dubois.
Back to the Top